 Dungeon Crawl Stone Soup version 0.28.0 (webtiles) character file.

Game seed: 3087203075332056767

16 Minsecho the Chiller (level 2, -7/19 HPs)
             Began as a Merfolk Ice Elementalist on Feb 5, 2022.
             Mangled by Terence (8 damage)
             ... on level 2 of the Dungeon.
             The game lasted 00:01:37 (529 turns).

Minsecho the Chiller (Merfolk Ice Elementalist)      Turns: 529, Time: 00:01:37

Health: -7/19      AC:  2    Str:  8    XL:     2   Next: 58%
Magic:  2/5        EV: 13    Int: 14    God:
Gold:   6          SH:  0    Dex: 14    Spells: 4/5 levels left

rFire   + . .      SeeInvis .   (no weapon)
rCold   + . .      Faith    .   (no shield)
rNeg    . . .      Spirit   .   a - +0 robe
rPois   +          Reflect  .   (no helmet)
rElec   +          Harm     .   (no cloak)
rCorr   +          Rampage  .   (no gloves)
Will    .....                   (no boots)
Stlth   ++........              (no amulet)
HPRegen 0.06/turn               (no ring)
MPRegen 0.09/turn               (no ring)

@: resistant
A: (nimble swimmer 2), mertail
a: no special abilities


You were on level 2 of the Dungeon.
You visited 1 branch of the dungeon, and saw 2 of its levels.

You collected 6 gold pieces.

Inventory:

Missiles
 b - 6 boomerangs
Armour
 a - a +0 robe (worn)
 e - a +0 ring mail


   Skills:
 + Level 2.9 Dodging
 + Level 2.3 Stealth
 + Level 2.1 Spellcasting
 + Level 4.9 Ice Magic


You had 4 spell levels left.
You knew the following spells:

 Your Spells              Type           Power      Damage    Failure   Level
a - Freeze                Ice            60%        1d8       3%          1

Your spell library contained the following spells:

 Spells                   Type           Power      Damage    Failure   Level
 Frozen Ramparts          Ice            30%        1d5       10%         3
 Ozocubu's Armour         Ice            15%        N/A       10%         3
 Hailstorm                Conj/Ice       8%         3d4       63%         4
 Conjure Ball Lightning   Conj/Air       0%         3x3d6     100%        6
 Discord                  Hex            0%         N/A       100%        8
 Disjunction              Tloc           0%         N/A       100%        8


Dungeon Overview and Level Annotations

Branches:
Dungeon (1/15)

Altars:

Annotations:
D:2 Robin, Terence


Innate Abilities, Weirdness & Mutations

((You are very nimble when in or above water. (Stealth+, EV+, Speed+++)))
Your lower body shifts to a powerful aquatic tail in water.


Message History

You freeze the jackal.
The jackal is moderately wounded.
The jackal barely misses you. The jackal bites you.
The jackal closely misses you.
The endoplasm jiggles.
The jackal bites you. The jackal closely misses you.
Terence hits you with a +0 falchion.
Casting: Freeze (safe; 3% risk of failure)
Confirm with . or Enter, or press ? or * to list all spells.
Aiming: Freeze (safe; 3% risk of failure)
Press: ? - help, Shift-Dir - straight line, f - jackal, p - jackal
Aim: a jackal You freeze the jackal.
The jackal is moderately wounded.
The jackal bites you. The jackal closely misses you.
The jackal bites you but does no damage.
Terence closely misses you.
Okay, then.
You aren't carrying any scrolls.
It was a potion of curing.
You feel better. The jackal misses you.
The jackal bites you. x2; The jackal closely misses you.
The jackal bites you but does no damage.
Terence barely misses you. The jackal barely misses you.
It was a potion of resistance.
You feel protected. The jackal closely misses you.
The jackal bites you but does no damage.
The jackal barely misses you. Terence hits you with a +0 falchion.
* * * LOW HITPOINT WARNING * * *
Casting: Freeze (safe; 3% risk of failure)
Confirm with . or Enter, or press ? or * to list all spells.
Aiming: Freeze (safe; 3% risk of failure)
Press: ? - help, Shift-Dir - straight line, f/p - jackal
Aim: a jackal (moderately wounded)
You freeze the jackal.
You kill the jackal!
The jackal misses you. The jackal bites you.
* * * LOW HITPOINT WARNING * * *
Terence hits you with a +0 falchion!
You die...

#### #.#.###........
#.##.... #.#.# .........
#. #..## #.#.##..##+###.
#.#.##.... #.#.....#...
#.....###.##
#.#.....#..# #.#...#....
.......##..#
#.#...##..## ..#.###
#..# #.##.###....
.#####h†### #.#.......##
....Jhh@@.# #.#..####.#.
#....####.###.......#.#.
+.. #....@....#.#.#. #
#########.#.#.##
..........#...
#######..##.##
.............
.######..#.## .........


You could see Terence, an endoplasm and 3 jackals.

Vanquished Creatures
  A dart slug (D:1)
  2 bats
  2 endoplasms (D:2)
  A hobgoblin (D:2)
  A jackal (D:2)
  A quokka (D:2)
  A frilled lizard (D:2)
  2 goblins (D:2)
  2 kobolds
  2 rats
15 creatures vanquished.

Notes
Turn   | Place    | Note
-------+----------+-------------------------------------------
     0 | D:1      | Minsecho the Merfolk Ice Elementalist began the quest for
                  | the Orb.
     0 | D:1      | Reached XP level 1. HP: 13/13 MP: 3/3
   164 | D:1      | You fall into a shaft and drop 1 floor!
   207 | D:2      | Reached XP level 2. HP: 19/19 MP: 3/5
   387 | D:2      | Noticed Robin
   510 | D:2      | Noticed Terence
   529 | D:2      | Mangled by Terence

Illustrated notes

Levels and vault maps discovered:
D:1:      sevenhm_arrival_forest_fort_small_3, layout_basic
D:2:      layout_basic, basic_altar, uniq_robin, uniq_terence

Action                   || total
-------------------------++-------
Melee: Unarmed           ||     3
 Cast: Freeze            ||    24
  Use: Potion            ||     2
Armor: Robe              ||     6
Dodge: Dodged            ||    29
